 Dungeon Crawl Stone Soup version 0.26.0-16-gc1dbca0489 (webtiles) character file.

Game seed: 13687625269930240795

30 kaeus the Firebug (level 3, -1/19 HPs)
             Began as a Gargoyle Fire Elementalist on Jan 22, 2021.
             Slain by a goblin
             ... wielding a +0 dagger
             ... led by Robin
              (2 damage)
             ... on level 2 of the Dungeon.
             The game lasted 00:01:29 (1518 turns).

kaeus the Firebug (Gargoyle Fire Elementalist)      Turns: 1518, Time: 00:01:29

Health: -1/19      AC:  1    Str: 11    XL:     3   Next: 20%
Magic:  6/6        EV: 12    Int: 22    God:
Gold:   74         SH:  0    Dex: 10    Spells: 5/6 levels left

rFire    . . .     SeeInvis .   c - +1 club
rCold    . . .     Faith    .   (no shield)
rNeg     + . .     Spirit   .   a - +0 robe
rPois    ∞         Reflect  .   (no helmet)
rElec    +         Harm     .   (no cloak)
rCorr    .         Rampage  .   (no gloves)
Will     .....                  (no boots)
Stlth    ++........             j - amulet of the acrobat
HPRegen  0.06/turn              l - +6 ring of intelligence
MPRegen  0.10/turn              m - -4 ring of protection (curse)

@: no status effects
A: negative energy resistance 1, electricity resistance, unbreathing,
petrification resistance, miasma immunity, AC +3
a: no special abilities


You were on level 2 of the Dungeon.
You visited 1 branch of the dungeon, and saw 2 of its levels.

You collected 74 gold pieces.

Inventory:

Hand Weapons
 c - a +1 club (weapon)
Armour
 a - a +0 robe (worn)
Jewellery
 j - an amulet of the acrobat (around neck)
 l - a +6 ring of intelligence (left hand)
 m - a cursed -4 ring of protection (right hand)
Scrolls
 b - 2 scrolls of immolation
 d - a scroll of remove curse {unknown}
 e - a scroll of enchant weapon
Potions
 g - 3 potions of curing {unknown}
 h - a potion of degeneration {unknown}
 i - a potion of brilliance {unknown}
 k - 2 potions of heal wounds {unknown}


   Skills:
 - Level 1.5 Dodging
 - Level 2.1 Stealth
 + Level 2.4 Spellcasting
 + Level 2.1 Conjurations
 + Level 3.4 Fire Magic


You had 5 spell levels left.
You knew the following spells:

 Your Spells              Type           Power        Failure   Level
a - Foxfire               Conj/Fire      60%          4%          1

Your spell library contained the following spells:

 Spells                   Type           Power        Failure   Level
 Conjure Flame            Conj/Fire      15%          12%         3
 Inner Flame              Hex/Fire       10%          19%         3
 Sticky Flame             Conj/Fire      15%          38%         4
 Fireball                 Conj/Fire      7%           75%         5


Dungeon Overview and Level Annotations

Branches:
Dungeon (2/15)

Altars:

Annotations:
D:2 Robin


Innate Abilities, Weirdness & Mutations

You are resistant to torment.
Your stone body is resilient. (AC +3)
You are immune to poison.
You resist negative energy. (rN+)
You are resistant to electric shocks. (rElec)
You can survive without breathing.
You are immune to petrification.
You are immune to miasma.


Message History

The goblin closely misses you. x2; The goblin hits you with a +0 dagger.
You take 2 damage, and have 17/19 hp.
There are monsters nearby!
You barely miss the goblin. The goblin hits you.
A rat comes into view.
The goblin hits you but does no damage. The goblin hits you with a +0 dagger.
Robin roars a battlecry!
The goblins go into a battle-frenzy!
The goblin hits you but does no damage.
You take 5 damage, and have 12/19 hp.
MASSIVE DAMAGE!!
There are monsters nearby!
You barely miss the goblin. The goblin misses you.
The goblin closely misses you. The goblin hits you with a +0 dagger.
The goblin hits you with a +0 club!
* * * LOW HITPOINT WARNING * * *
You take 8 damage, and have 4/19 hp.
MASSIVE DAMAGE!!
The goblin barely misses you. The goblin hits you with a +0 dagger.
* * * LOW HITPOINT WARNING * * *
The goblin hits you with a +0 dagger.
You die... #### ggg ###g# #g@g# #g### #r ##

You could see Robin, a hobgoblin (strong), 5 goblins and a rat.

Vanquished Creatures
  An ooze (D:1)
  A dart slug (D:1)
  A leopard gecko (D:1)
  2 giant cockroaches (D:1)
  6 goblins (D:1)
  A hobgoblin (D:1)
  2 bats (D:1)
  A frilled lizard (D:1)
  A giant cockroach zombie (D:1)
  3 kobolds (D:1)
  A leopard gecko zombie (D:1)
  2 rats (D:1)
22 creatures vanquished.

Vanquished Creatures (others)
  61 foxfires (D:1)
61 creatures vanquished.

Grand Total: 83 creatures vanquished

Notes
Turn   | Place    | Note
-------+----------+-------------------------------------------
     0 | D:1      | kaeus the Gargoyle Fire Elementalist began the quest for
                  | the Orb.
     0 | D:1      | Reached XP level 1. HP: 10/10 MP: 3/3
   183 | D:1      | Reached XP level 2. HP: 15/15 MP: 0/5
   742 | D:1      | Reached XP level 3. HP: 19/19 MP: 3/6
  1514 | D:2      | Noticed Robin
  1518 | D:2      | Slain by a goblin

Illustrated notes

Levels and vault maps discovered:
D:1:      saegor_arrival_fortress, layout_basic
D:2:      layout_loops_ring, uniq_crazy_yiuf_cottage, uniq_robin

Skill      XL: |  1  2 |
---------------+-------+-----
Conjurations   | 2 |  2.1
Dodging        | |  1.5
Stealth        | |  2.1
Spellcasting   | |  2.4
Fire Magic     | |  3.4

Action                   || total
-------------------------++-------
Melee: Unarmed           ||    15
       Club              ||    21
 Cast: Foxfire           ||    43
  Use: Scroll            ||     4
Armor: Robe              ||     8
Dodge: Dodged            ||    27
